 Dungeon Crawl Stone Soup version 0.19-a0-1851-g3228ea0 (webtiles) character file.

21 xnavy the Insei (level 2, -2/22 HPs)
             Began as a Demigod Transmuter on Oct 10, 2016.
             Slain by a hobgoblin (3 damage)
             ... on level 1 of the Dungeon.
             The game lasted 00:01:50 (995 turns).

xnavy the Insei (Demigod Transmuter)                 Turns: 995, Time: 00:01:51

Health: -2/22      AC:  2    Str: 13    XL:     2   Next: 45%
Magic:  6/7        EV: 12    Int: 17    God:
Gold:   25         SH:  0    Dex: 16    Spells: 1 memorised, 3 levels left

rFire  . . .     SeeInvis .       - Unarmed
rCold  . . .     Gourm    .     b - +0 robe
rNeg   . . .     Faith    .     (no shield)
rPois  .         Spirit   .     (no helmet)
rElec  .         Dismiss  .     (no cloak)
rCorr  .         Reflect  .     (no gloves)
MR     .....     Harm     .     (boots currently unavailable)
Stlth  +.........               (no amulet)
                                (no ring)
                                (no ring)

@: appendage, very slightly contaminated
A: talons 3, high mp 1
a: End Transformation


You were on level 1 of the Dungeon.
You were not hungry.
You had grown temporary talons.
You visited 1 branch of the dungeon, and saw 1 of its levels.

You collected 25 gold pieces.

Inventory:

Missiles
 a - 12 arrows
 e - 12 stones (quivered)
Armour
 b - a +0 robe (worn)
Scrolls
 f - a scroll of random uselessness {unknown}
 i - a scroll of identify {unknown}
 j - a scroll of recharging {unknown}
 k - 2 scrolls of enchant armour {unknown}
Potions
 h - a potion of flight {unknown}
Books
 c - a book of Changes
Comestibles
 d - a bread ration {@e1}
 g - a meat ration {@e2}


   Skills:
 - Level 0.8 Fighting
 - Level 1.7 Dodging
 + Level 3.6 Unarmed Combat
 - Level 1.7 Spellcasting
 - Level 1.7 Transmutations


You had 3 spell levels left.
You knew the following spells:

 Your Spells              Type           Power        Failure   Level  Hunger
a - Beastly Appendage     Tmut           #.....       12%         1    #......


Dungeon Overview and Level Annotations

Branches:
Dungeon (1/15)


Innate Abilities, Weirdness & Mutations

You have an increased reservoir of magic. (+10% MP)
You have claws for feet.


Message History

e - a stone
e - 2 stones (gained 1)
e - 3 stones (gained 1)
e - 4 stones (gained 1)
e - 5 stones (gained 1)
e - 15 stones (gained 10)
h - a murky silvery potion You open the door.
You see here a rat skeleton.
Found a stone staircase leading down.
i - a scroll labeled BAIGHAGOAWN
j - a scroll labeled CIRHAFAKHLE Some of the chunks of flesh in your inventory have rotted away.
All of the chunks of flesh in your inventory have rotted away.
You open the door.
There is an open door here.
A kobold comes into view.
The kobold shouts!
You see here a meat ration {@e2}.
A kobold is nearby!
Aim: a kobold You throw a stone.
The stone hits the kobold but does no damage.
Aim: a kobold You throw a stone.
The stone hits the kobold but does no damage.
Aim: a kobold You throw a stone.
The stone closely misses the kobold.
Aim: a kobold You throw a stone.
The stone closely misses the kobold.
You closely miss the kobold. The kobold hits you.
You take 3 damage, and have 19/22 hp.
You closely miss the kobold. The kobold hits you.
You take 1 damage, and have 18/22 hp.
You hit the kobold but do no damage. The kobold hits you.
You take 2 damage, and have 16/22 hp.
You hit the kobold. The kobold closely misses you.
You barely miss the kobold. You hit the kobold.
You kill the kobold!
No target in view!
No target in view!
You start resting.
Health restored: 22
g - a meat ration {@e2}
e - 12 stones (gained 1)
e - 13 stones (gained 1)
e - 14 stones (gained 1)
e - 15 stones (gained 1)
k - a scroll labeled MAETHO LUOMU
k - 2 scrolls labeled MAETHO LUOMU (gained 1)
Found a stone staircase leading down.
There is an open door here.
There is an open door here.
A hobgoblin comes into view.
The hobgoblin shouts!
A hobgoblin is nearby!
Aim: a hobgoblin, wearing a tubular copper ring You throw a stone.
The stone hits the hobgoblin.
Aim: a hobgoblin, wearing a tubular copper ring (moderately wounded)
You throw a stone. The stone closely misses the hobgoblin.
Aim: a hobgoblin, wearing a tubular copper ring (moderately wounded)
You throw a stone.
The stone hits the hobgoblin but does no damage.
The hobgoblin drinks a potion.
The hobgoblin flickers and vanishes!
Deactivating autopickup; reactivate with Ctrl-A.
A hobgoblin comes into view.
The hobgoblin shouts!
There is an open door here.
You miscast Beastly Appendage.
You are very lightly contaminated with residual magic.
Nothing appears to happen.
Something hits you.
You take 3 damage, and have 19/22 hp.
You now have 6/7 mp.
Your feet morph into talons.
Something hits you.
You take 4 damage, and have 15/22 hp.
You now have 5/7 mp.
You hit something. Something hits you.
You take 2 damage, and have 13/22 hp.
You barely miss something. Something hits you but does no damage.
You miss something. You claw something. Something hits you.
You take 1 damage, and have 13/22 hp.
You barely miss something. Your kick misses something. Something hits you.
You take 4 damage, and have 9/22 hp.
You miss something. Your kick misses something. Something barely misses you.
You hit something but do no damage. You claw something.
Reactivating autopickup.
You feel a bit more experienced.
You hit the hobgoblin but do no damage. You claw the hobgoblin.
The hobgoblin closely misses you.
You closely miss the hobgoblin. The hobgoblin hits you.
* * * LOW HITPOINT WARNING * * *
You take 3 damage, and have 6/22 hp.
You completely miss the hobgoblin. The hobgoblin closely misses you.
You hit the hobgoblin. The hobgoblin hits you.
* * * LOW HITPOINT WARNING * * *
You take 5 damage, and have 1/22 hp.
MASSIVE DAMAGE!!
You hit the hobgoblin but do no damage. Your kick misses the hobgoblin.
The hobgoblin hits you.
You die...

####.# #....# #.#
#.##.### #.# #......# #.#
#......# #.# #......# #.#
#......#######. #.#
#......'.......
####.#####[.....########
................@g(((.>..
.......####.....####.....
######..# #####.# .....
#######.# ###'####....
........# #.........#
........## #.........#
.........# #.........#
.........## #.........#
..........# ###.......#


You could see a hobgoblin.

Vanquished Creatures
  An adder (D:1)
  A dart slug (D:1)
  A goblin (D:1)
  2 hobgoblins (D:1)
  3 kobolds (D:1)
  A frilled lizard (D:1)
  A rat (D:1)
10 creatures vanquished.

Notes
Turn   | Place    | Note
-------+----------+-------------------------------------------
     0 | D:1      | xnavy the Demigod Transmuter began the quest for the Orb.
     0 | D:1      | Reached XP level 1. HP: 15/15 MP: 5/5
    72 | D:1      | Reached skill level 3 in Unarmed Combat
    97 | D:1      | HP: 3/15 [adder (4)]
    98 | D:1      | Reached XP level 2. HP: 5/22 MP: 5/7
   104 | D:1      | HP: 4/22 [poisoned by an adder]
   994 | D:1      | HP: 1/22 [hobgoblin (5)]
   995 | D:1      | Slain by a hobgoblin

Vault maps used:
D:1:      eino_arrival_cavern_a

Skill      XL: |  1 |
---------------+----+-----
Unarmed Combat | 3 |  3.6
Fighting       | |  0.8
Dodging        | |  1.7
Spellcasting   | |  1.7
Transmutations | |  1.7

Action                   || total
-------------------------++-------
Melee: Unarmed           ||    41
       Kick              ||     7
       Headbutt          ||     1
Throw: Stone             ||    26
 Cast: Beastly Appendage ||     4
Armor: Robe              ||     5
Dodge: Dodged            ||    11

Vault maps used:
D:1:      eino_arrival_cavern_a

Table legend:
 A = Turns spent in this place as a percentage of turns spent in the entire game.
 B = Non-inter-level travel turns spent in this place as a percentage of non-inter-level travel turns spent in the entire game.
 C = Inter-level travel turns spent in this place as a percentage of turns spent in this place.
 D = Turns resting spent in this place as a percentage of non-inter-level travel turns spent in this place.
 E = Turns spent auto-exploring this place as a percentage of non-inter-level travel turns spent in this place.
 F = Non-inter-level travel turns spent in this place divided by the number of levels of this place that you've seen.
                   A       B       C       D       E      F
               +-------+-------+-------+-------+-------+----------------------
         Total | 100.0 | 100.0 |   0.0 |   6.8 |   9.4 | 192.0
       Dungeon | 100.0 | 100.0 |   0.0 |   6.8 |   9.4 | 192.0
               +-------+-------+-------+-------+-------+----------------------

Table legend:
 A = Kills in this place as a percentage of kills in entire the game.
 B = Kills by you in this place as a percentage of kills by you in the entire game.
 C = Kills by friends in this place as a percentage of kills by friends in the entire game.
 D = Other kills in this place as a percentage of other kills in the entire game.
 E = Experience gained in this place as a percentage of experience gained in the entire game.
 F = Experience gained in this place divided by the number of levels of this place that you have seen.
                   A       B       C       D       E      F
               +-------+-------+-------+-------+-------+----------------------
         Total | 100.0 | 100.0 |  -nan |  -nan | 100.0 |  30.0
       Dungeon | 100.0 | 100.0 |  -nan |  -nan | 100.0 |  30.0
               +-------+-------+-------+-------+-------+----------------------
